Cogmind - Beta 16 @@@ ROGUE MODE // 2025.11.21 @ 20:32:05 Player: lvl5hm Result: Destroyed by B0-0Y5(R) with Subdweller Laser Performance ------------- Evolutions (0) 0 Regions Visited (2) 400 Robots Destroyed (35) 175 Value Destroyed (936) 936 Prototype IDs (0) 0 Alien Tech Used (0) 0 Bonus (0) 0 TOTAL SCORE: 1511 Bonus ------- None Cogmind --------- Core Integrity 0/250 Matter 261/300 Energy 88/200 System Corruption 0% Temperature Cool (6) Movement Rolling (130) Ox2 Location -10/Subcaves Parts ------- > --- POWER (1) -------- Subdweller Power Source > --- PROPULSION (2) --- Subdweller Monowheel > --- UTILITY (2) ------ Cooling System High-capacity Storage Unit > --- WEAPON (2) ------- Medium Laser Particle Gun > --- INVENTORY (20) --- Subdweller Power Source Subdweller Power Source Subdweller Power Source Light Treads Light Treads Heat Sink Heat Sink Heat Sink Cooling System Medium Matter Pod (100) Seismic Detector Scrap Shield Rainbow Chip Medium Laser Particle Gun Subdweller Machine Gun Grenade Launcher Hammer Peak State ------------ > --- POWER ------------ Subdweller Power Source > --- PROPULSION ------- Subdweller Monowheel Subdweller Monowheel > --- UTILITY ---------- Cooling System High-capacity Storage Unit > --- WEAPON ----------- Particle Gun Subdweller Machine Gun > --- INVENTORY -------- Subdweller Power Source Subdweller Power Source Subdweller Power Source Light Treads Light Treads Heat Sink Heat Sink Heat Sink Cooling System Medium Matter Pod Seismic Detector Scrap Shield Rainbow Chip Medium Laser Medium Laser Particle Gun Particle Gun Grenade Launcher Hammer [Rating: 17] Favorites ----------- Power Ion Engine Engine Ion Engine Propulsion Light Treads Treads Light Treads Leg Aluminum Leg Wheel Subdweller Monowheel Utility High-capacity Storage Unit Device Heat Sink Storage High-capacity Storage Unit Weapon Particle Gun Energy Gun Particle Gun Energy Cannon Subdweller Beam Cannon Ballistic Gun Subdweller Machine Gun Launcher Grenade Launcher Impact Weapon Hammer Build | -11 -10 -10 ------- Run | Yrd Mat Sub Slots Evolved . | . . . Power . | . . . Propulsion . | . . . Utility . | . . . Weapon . | . . . Parts Attached 35 | 6 16 13 Power 4 | . 2 2 Engine 4 | . 2 2 Core . | . . . Reactor . | . . . Propulsion 10 | 2 5 3 Treads 3 | . 2 1 Leg 5 | 2 3 . Wheel 2 | . . 2 Hover . | . . . Flight . | . . . Utility 7 | 2 2 3 Device 5 | 1 1 3 Storage 2 | 1 1 . Processor . | . . . Hackware . | . . . Protection . | . . . Artifact . | . . . Weapon 14 | 2 7 5 Energy Gun 9 | 1 6 2 Energy Cannon 1 | . . 1 Ballistic Gun 2 | 1 . 1 Ballistic Cannon . | . . . Launcher 1 | . 1 . Special Weapon . | . . . Impact Weapon 1 | . . 1 Slashing Weapon . | . . . Piercing Weapon . | . . . Special Melee Weapon . | . . . Unidentified Prototypes . | . . . Parts Lost 6 | . 1 5 Power 1 | . . 1 Propulsion 1 | . . 1 Utility . | . . . Weapon 4 | . 1 3 Highest Loss Streak 2 | . 1 2 To Critical Strikes . | . . . Average Backups 14 | 3 12 18 Power . | . . 1 Propulsion 3 | 1 3 2 Utility 5 | . 3 7 Weapon 5 | . 4 6 Tool/Special . | . . . Unused Backups 10 | . 1 9 Power 2 | . . 2 Propulsion 2 | . . 2 Utility 6 | . 1 5 Weapon . | . . . Tool/Special . | . . . Average Slot Usage (%) 99 | . 98 99 Engine 13 | . 13 13 Treads 12 | . 7 18 Leg 9 | . 20 . Wheel 5 | . . 9 Device 14 | . 14 14 Storage 14 | . 14 14 Energy Gun 22 | . 26 18 Energy Cannon 2 | . . 3 Ballistic Gun 2 | . 1 3 Peak Build Rating 17 | 6 11 17 Average Rating 11 | 4 9 13 On Entrance 5 | . 6 10 Avg Prop Armor Cover (%) 13 | . . 13 Naked Turns . | . . . Heaviest Build 58 | 10 52 58 Greatest Support 40 | 20 40 40 Greatest Overweight (x) 2 | . 2 2 Average Overweight (x) 1 | . 1 1 Largest Inventory Capacity 20 | 8 20 20 Average Capacity 17 | 7 16 20 Most Carried 20 | 5 16 20 Average Carried 15 | 3 12 19 Final Capacity 20 | 8 20 20 Final Carried 19 | 5 15 19 Class Distribution -------------------- 53% | Scavenger-Mutant 46% | Mutant Dominant Class ---------------- Mutant | -10/Materials Scavenger-Mutant | -10/Subcaves Resources | -11 -10 -10 ----------- Run | Yrd Mat Sub Matter Collected 858 | 287 236 335 Remotely . | . . . Salvage Created 1450 | 168 838 444 Parts 73 | 12 41 20 Haulers Intercepted 2 | . 2 . Recyclers Shooed . | . . . Parts Field Recycled . | . . . Retrieved Matter . | . . . Parts Self-Destructed 11 | . . 11 Prevented . | . . . Parts Restored . | . . . Kills | -11 -10 -10 ------- Run | Yrd Mat Sub Combat Hostiles Destroyed 22 | . 14 8 Guns 20 | . 14 6 AOE 2 | . . 2 Classes Destroyed 11 | 2 4 5 Worker 1 | . 1 . Builder 2 | . 2 . Tunneler 4 | 4 . . Hauler 2 | . 2 . Recycler 2 | 1 1 . Turret 2 | . . 2 Grunt 15 | . 14 1 Sentry 1 | . . 1 Artisan 1 | . . 1 Cobbler 1 | . . 1 Subdweller 6 | . . 6 Best Kill Streak 4 | 4 4 3 Combat Bots Only 3 | . 3 3 Max Kills in Single Turn 2 | 1 1 2 Gunslinging . | . . . Exploded 2 | . . 2 Melee . | . . . Uniques/NPCs Destroyed . | . . . Combat | -11 -10 -10 -------- Run | Yrd Mat Sub Hostile Shots Fired 188 | . 82 106 Missed 63 | . 21 42 Hits 125 | . 61 64 Projectile 125 | . 61 64 Critical Strikes 2 | . 2 . Damage Taken 1655 | . 768 887 Core 266 | . 168 98 Absorbed by Shields . | . . . Core Remaining (%) 100 | 100 . . Volleys Fired 130 | 9 81 40 Largest 2 | 2 2 2 Hottest 145 | 70 130 145 Shots Fired 233 | 18 149 66 Gun 215 | 18 148 49 Cannon 15 | . . 15 Launcher 3 | . 1 2 Special . | . . . Kinetic 50 | 9 28 13 Thermal 180 | 9 120 51 Explosive 3 | . 1 2 Electromagnetic . | . . . Robot Hit Streak 22 | 8 20 22 Robot Miss Streak 7 | 1 7 2 Penetration Max . | . . . Secondary Targets . | . . . Shots Hit Robots 161 | 13 93 55 Core Hits 61 | 6 36 19 Critical Kills 1 | . 1 . Critical Parts Destroyed . | . . . Critical Strikes 9 | 1 8 . Burn 8 | 1 7 . Destroy 1 | . 1 . Melee Attacks 23 | . . 23 Impact 23 | . . 23 Slashing . | . . . Piercing . | . . . Sneak Attacks . | . . . Combat Hostiles . | . . . Follow-up Attacks . | . . . Damage Inflicted 2462 | 161 1332 969 Guns 1883 | 161 1273 449 Cannons 325 | . . 325 Explosions 254 | . 59 195 Melee . | . . . Ramming . | . . . Kinetic 462 | 99 226 137 Thermal 1746 | 62 1047 637 Explosive 254 | . 59 195 Electromagnetic . | . . . Impact . | . . . Slashing . | . . . Piercing . | . . . Highest Corruption . | . . . Average Corruption . | . . . Corruption Purged . | . . . Corruption Blocked . | . . . Overload Shots . | . . . Overflow Damage 23 | . 15 8 Projectiles 8 | . . 8 Explosions 15 | . 15 . Melee . | . . . Knockbacks . | . . . Impact . | . . . Kinetic . | . . . Secondary . | . . . Self-Inflicted Damage . | . . . Shots . | . . . Rammed . | . . . Targets Rammed . | . . . Kicked . | . . . Crushed . | . . . Highest Temperature 366 | . 366 123 Average Temperature 106 | . 111 58 Received Heat Transfer 852 | . 468 384 Effects 4 | . 4 . Interference 4 | . 4 . Siege Activations . | . . . Martial Activations . | . . . Shielding Activations . | . . . Robots Disrupted . | . . . Combat Hostiles . | . . . Robots Corrupted . | . . . Combat Hostiles . | . . . Parts Fried . | . . . Impact Corruptions . | . . . Robots Melted . | . . . Combat Hostiles . | . . . Parts Melted 8 | 1 6 1 Heat Transferred 4738 | 259 3295 1184 Parts Sabotaged . | . . . Parts Stolen . | . . . Parts Stripped . | . . . Power Chain Reactions . | . . . Alert | -11 -10 -10 ------- Run | Yrd Mat Sub Maximum Alert Level . | . . . Low Security (%) 100 | 100 100 . Level 1 . | . . . Level 2 . | . . . Level 3 . | . . . Level 4 . | . . . Level 5 . | . . . High Security . | . . . Max Security . | . . . Peak Influence 108 | 10 108 . Initial . | . . . Average 38 | 1 41 . Influence Increases 643 | 25 493 125 Destroy 0b10 Robot/C 360 | . 280 80 Destroy 0b10 Robot/NC 55 | 25 30 . Destroy Leader 64 | . 64 . Select Force Hacks 30 | . 30 . Destroy Structure 14 | . 14 . Lose Combat Pursuer 120 | . 75 45 Influence Decreases 643 | 25 493 125 Time Decay 613 | 25 483 105 Lost Part 30 | . 10 20 Squads Dispatched 4 | . 4 . Investigation 2 | . 2 . Extermination . | . . . Reinforcement 2 | . 2 . Assault . | . . . Garrison . | . . . Intercept . | . . . Searches Triggered . | . . . Construction Impeded . | . . . Haulers Reinforced . | . . . Active Scanning Responses . | . . . Cargo Convoy Interrupts . | . . . Stealth | -11 -10 -10 --------- Run | Yrd Mat Sub Distress Signals 2 | . 2 . Communications Jammed . | . . . Distress Signals . | . . . Times Spotted 44 | . 32 12 Peak Tracking Total 5 | . 5 3 Tactical Retreats 6 | . 5 1 Traps | -11 -10 -10 ------- Run | Yrd Mat Sub Traps Triggered 2 | . 1 1 Indirectly . | . . . Trap Hack Attempts . | . . . Triggered . | . . . Disarmed . | . . . Reprogrammed . | . . . Reused . | . . . Traps Extracted . | . . . Installed . | . . . Triggered . | . . . Machines | -11 -10 -10 ---------- Run | Yrd Mat Sub Machines Disabled . | . . . Max in Single Turn . | . . . Machines Repaired . | . . . Machines Dismantled . | . . . Machines Sabotaged . | . . . Overloaded Fab Kills . | . . . Hacking | -11 -10 -10 --------- Run | Yrd Mat Sub Machines Accessed 3 | . 2 1 Terminals 1 | . 1 . Fabricators . | . . . Repair Stations . | . . . Recycling Units 1 | . 1 . Scanalyzers . | . . . Garrison Access . | . . . Total Hacks 8 | . 5 3 Successful 5 | . 2 3 Failed 3 | . 3 . Catastrophic . | . . . Database Lockouts . | . . . Manual 5 | . 5 . Terminals 2 | . 2 . Fabricators . | . . . Repair Stations . | . . . Recycling Units 3 | . 3 . Scanalyzers . | . . . Garrison Access . | . . . Terminal Hacks 3 | . . 3 Record 3 | . . 3 Fabricator Hacks . | . . . Repair Station Hacks . | . . . Recycling Unit Hacks . | . . . Scanalyzer . | . . . Garrison Access Hacks . | . . . Unauthorized Hacks 2 | . 2 . Terminals 1 | . 1 . Skim 1 | . 1 . Fabricators . | . . . Repair Stations . | . . . Recycling Units 1 | . 1 . Tunnel 1 | . 1 . Scanalyzers . | . . . Garrison Access . | . . . Data Cores Recovered . | . . . Used . | . . . Hacking Detections 2 | . 2 . Full Trace Events . | . . . Feedback Events . | . . . Feedback Blocked . | . . . Robot Schematics Acquired . | . . . Robots Built . | . . . Authchips . | . . . Time . | . . . Total Robot Build Rating . | . . . Part Schematics Acquired . | . . . Parts Built . | . . . Authchips . | . . . Time . | . . . Total Part Build Rating . | . . . Part Studies Acquired . | . . . Parts Repaired . | . . . Time . | . . . Parts Recycled . | . . . Recycled Matter . | . . . Retrieved Matter . | . . . Retrieved Components . | . . . Parts Scanalyzed . | . . . Part Schematics Acquired . | . . . Parts Damaged . | . . . Bothacking | -11 -10 -10 ------------ Run | Yrd Mat Sub Used RIF Installer . | . . . Robots Hacked . | . . . Non-combat . | . . . Combat . | . . . Robot Hacks Applied . | . . . Relay Couplers Released . | . . . Fabnet Peak Effective % . | . . . Robots Rewired . | . . . Allies Hacked . | . . . Hacks Repelled . | . . . Allies | -11 -10 -10 -------- Run | Yrd Mat Sub Total Allies . | . . . Largest Group . | . . . Highest-Rated Group . | . . . Highest-Rated Ally . | . . . Total Orders . | . . . Ally Attacks . | . . . Total Damage . | . . . Kills . | . . . Allies Corrupted . | . . . Allies Melted . | . . . Intel | -11 -10 -10 ------- Run | Yrd Mat Sub Active Infowar (turns) 1555 | 42 245 1268 Seismic 1555 | 42 245 1268 Robot Analysis Total . | . . . Derelict Logs Recovered 1 | . . 1 Drone Launches . | . . . Drone Recoveries . | . . . Exploration | -11 -10 -10 ------------- Run | Yrd Mat Sub Turns Passed 3461 | 143 1588 1730 Spaces Moved 1492 | 90 605 797 Core 14 | 14 . . Treads 520 | . 161 359 Legs 520 | 76 444 . Wheels 438 | . . 438 Hover . | . . . Flight . | . . . Fastest Speed 50 | 50 120 120 Average Speed 185 | 109 206 177 Slowest Speed 320 | 120 260 320 Overloaded Moves . | . . . Propulsion Burnouts . | . . . Robots Hopped . | . . . Potential Cave-ins . | . . . Cave-ins Triggered . | . . . Exploration Rate (%) 55 | 6 95 64 Regions Visited 2 Branch Regions 1 Pre-discovered Areas 1 | . 1 . Known Exits Taken . | . . . Unknown Exits Taken 2 | 1 1 . Scrap Searched . | . . . Spaces Dug 10 | . 10 . Terrain Destroyed 21 | . 10 11 Melee . | . . . Projectile 2 | . . 2 AOE 19 | . 10 9 Terrain Rammed . | . . . Walls Destroyed . | . . . Machines Disabled . | . . . Actions | -11 -10 -10 --------- Run | Yrd Mat Sub Total 1906 | 113 794 999 Wait 178 | 4 67 107 Move 1490 | 89 604 797 Hop . | . . . Pick Up 24 | 5 14 5 Fast Attach 10 | 6 . 4 Attach 4 | . 2 2 Detach . | . . . Swap 32 | . 15 17 Drop 15 | . 11 4 Fire 130 | 9 81 40 Melee 23 | . . 23 Ram . | . . . Kick . | . . . Crush . | . . . Escape Stasis . | . . . Rewire . | . . . Trap . | . . . Miscellaneous . | . . . Route ------- -11/Scrapyard -10/Materials (discovered 6 exits: [*Mat x3] / [*Min x2] / *Sub) -10/Subcaves (discovered 3 exits: [*Mat x2] / [*Rec]) History --------- Turn | Location | Event 6 | -11/Scrapyard | Discovered new exit (range 15) 144 | -11/Scrapyard | Entered Materials 304 | -10/Materials | Build established: Mutant 455 | -10/Materials | Discovered new exit (range 10) 568 | -10/Materials | Discovered new exit (range 12) 669 | -10/Materials | Discovered new exit (range 6) 928 | -10/Materials | Core integrity fell below 50% 1079 | -10/Materials | Discovered new exit (range 16) 1480 | -10/Materials | Discovered new exit (range 15) 1627 | -10/Materials | Build established: Scavenger-Mutant 1717 | -10/Materials | Discovered new exit (range 6) 1732 | -10/Materials | Entered Subcaves 1733 | -10/Subcaves | Approached by a straggling Scientist 1902 | -10/Subcaves | A Subdweller sparked back to life 1902 | -10/Subcaves | A Subdweller sparked back to life 1902 | -10/Subcaves | A Subdweller sparked back to life 1931 | -10/Subcaves | Found Prototype Processor 2227 | -10/Subcaves | Visited Clippyterm 2234 | -10/Subcaves | Learned Research machine intel 2601 | -10/Subcaves | Discovered new exit (range 12) 2637 | -10/Subcaves | Discovered new exit (range 16) 2782 | -10/Subcaves | Discovered new exit (range 15) 2813 | -10/Subcaves | Core integrity fell below 20% 3442 | -10/Subcaves | Ambushed by angry Subdweller bent on revenge 3462 | -10/Subcaves | Destroyed by B0-0Y5(R) with Subdweller Laser Last Messages --------------- 03099_ F4-VIC(R) destroyed. 03107_ Acquired 21 matter. 03233_ Particle Gun destroyed. 03239_ Sub. Optics melted. 03239_ E8-G33(R) destroyed. 03248_ QE-XB4(R) destroyed. 03254_ Acquired 25 matter. 03259_ Acquired 28 matter. 03342_ HN-76A(u) tweaks Twisted Machinery. 03355_ Sub. Monowheel shoots sparks and powers down. 03363_ HN-76A(u) builds Twisted Machinery. 03372_ HN-76A(u) tweaks Twisted Machinery. 03430_ HN-76A(u) cries out in pain. 03430_ HN-76A(u) destroyed. 03433_ Acquired 28 matter. 03442_ B0-0Y5(R) angrily emerges from the Twisted Machinery. 03442_ B0-0Y5(R): "OHNO!" 03450_ Broken Sub. Monowheel destroyed. Map ----- +----------------------------------------------------+ | ?????????????????????????????????????????????????? | | ?????????????????????????????????????????????????? | | ?????????????????????????????????????????????????? | | ?????????????????????????????????????????????????? | | ??????????????????????????????##?##########??????? | | ?????????????????????????????## ## # #######? | | ?????????????????????????????# ## " #? | | ?????????????????????????????# ## #?? | | ?????????????????????????????# # "" ### | | ?????????????????????????????## ##### ##"" " | | ?????????????????????????????## ##??# #"" " | | ?????????????????????????????#"""##???## ##"" "" | | ?????????????????????????????# #?????## """ "# | | ????????????????????????????## ##????# "" "# | | ???????????????????????????## "##??## ##" | | ??????????????????????????##""""" #### ### " | | ?????????????????????????##" ### " | | ????????????????????????##""" #?##" | | ????????????????????????#"""""" "#?## | | ????????????????????????#"" """"" ## ## "#??? | | ????????????????????????#"" " "" ### ##?###??? | | ???????????????????????## " " = " #? #???????? | | ???????????????????????# " * " #?# ???????? | | ???????????????????????# #?#####??????? | | ???????????????????????# R" ## ##????????????? | | ???????????????????????##@ ###### #?????????????? | | ????????????????????????# #????# #?????????????? | | ??????????????????????? ##???? #????????????? | | ?????????????????????? ##????? #???????????? | | ????????????????????? #?????? #???????????? | | ????????????????????## #??????? #???????????? | | ?????????????????????##???????? #####???????????? | | ?????????????????????????????? #????????????????? | | ?????????????????????????????? ?????????????????? | | ?????????????????????????????? ?????????????????? | | ????????????????????????????? ?????????????????? | | ??????????????????????????????#??????????????????? | | ?????????????????????????????????????????????????? | | ?????????????????????????????????????????????????? | | ?????????????????????????????????????????????????? | | ?????????????????????????????????????????????????? | | ?????????????????????????????????????????????????? | | ?????????????????????????????????????????????????? | | ?????????????????????????????????????????????????? | | ?????????????????????????????????????????????????? | | ?????????????????????????????????????????????????? | | ?????????????????????????????????????????????????? | | ?????????????????????????????????????????????????? | | ?????????????????????????????????????????????????? | | ?????????????????????????????????????????????????? | +----------------------------------------------------+ Best States ------------- Heat Dissipation 47 Energy Generation 15 Energy Capacity 250 Matter Stores 300 Matter Capacity 300 Sight Range 16 Terrain Scan Density 10 Evasion (%) 55 Recoil Reduction 2 Item Schematics ----------------- None Robot Schematics ------------------ None Fabricated ------------ Nothing Repaired ---------- Nothing Studied --------- None Alien Tech Used ----------------- None Achievements -------------- None Challenges ------------ None Game ------ Seed AntisysPotentialRefractor Manual? 0 Play Time 00:17:38 Cumulative 246.8 hours Start 2025.11.21 @ 14:24:21 End 2025.11.21 @ 20:32:05 Sessions 2 Manual Loads 0 Difficulty Rogue Special Mode None Game No. 182 Rogue 182 Adventurer 0 Explorer 0 Win Type - Total 11 Types 6/0/2/1/0/0/0/1/0/1 Lore% 66 Gallery% 74 Achievement% 66 Wizard Run 0 Options --------- Layout 2 ASCII 0 Keyboard 1 Movement Arrows Keybinds 0 Fullscreen 1 Font 32/Tamsyn Map View 50x44 Zoom Use 0% Tactical HUD 1 Map Filters NONE Filters NONE Steam 1 RUN: 2d05c35c-50e5-4d28-bec6-2e41a8d9ad95